 Dungeon Crawl Stone Soup version 0.27.1-33-g824d729ab1 (webtiles) character file.

Game seed: 4533833542685296185

133 Radix the Covered (level 5, 0/42 HPs)
             Began as a Human Fighter on Dec 31, 2021.
             Slain by Sigmund (2 damage)
             ... on level 2 of the Dungeon.
             The game lasted 00:21:45 (2631 turns).

Radix the Covered (Human Fighter)                   Turns: 2631, Time: 00:21:45

Health: 0/42       AC: 11    Str: 17    XL:     5   Next: 40%
Magic:  5/5        EV:  3    Int:  8    God:
Gold:   85         SH:  0    Dex: 13    Spells: 4/4 levels left

rFire    . . .     SeeInvis .   a - +0 trident
rCold    . . .     Faith    .   c - +0 kite shield
rNeg     . . .     Spirit   .   g - +0 plate armour
rPois    .         Reflect  .   (no helmet)
rElec    .         Harm     .   (no cloak)
rCorr    .         Rampage  .   (no gloves)
Will     .....                  (no boots)
Stlth    ..........             (no amulet)
HPRegen  0.14/turn              (no ring)
MPRegen  0.09/turn              (no ring)

@: confused, mighty, on berserk cooldown, slowed, very slow
A: no striking features
a: no special abilities


You were on level 2 of the Dungeon.
You visited 1 branch of the dungeon, and saw 2 of its levels.

You collected 85 gold pieces.

Inventory:

Hand Weapons
 a - a +0 trident (weapon)
Missiles
 h - 12 poisoned darts (quivered)
 n - 4 boomerangs
Armour
 b - a +0 scale mail
 c - a +0 kite shield (worn)
 g - a +0 plate armour (worn)
 o - a +3 leather armour
Magical Staves
 e - a staff of death
Scrolls
 f - a scroll of vulnerability {unknown}
 i - 2 scrolls of identify {unknown}
 j - a scroll of enchant weapon {unknown}
 k - a scroll of noise {unknown}
 q - a scroll of amnesia {unknown}
Potions
 m - a potion of curing {unknown}
 p - a potion of mutation {unknown}


   Skills:
 + Level 3.6 Fighting
 + Level 3.0 Polearms
 + Level 3.9 Armour
 - Level 0.2 Dodging
 + Level 3.8 Shields


You had 4 spell levels left.
You didn't know any spells.
Your spell library contained the following spells:

 Spells                   Type           Power      Damage    Failure   Level
 Slow                     Hex            0%         N/A       100%        2
 Confusing Touch          Hex            0%         N/A       100%        3
 Yara's Violent Unravell  Hex/Tmut       0%         3d3       100%        5


Dungeon Overview and Level Annotations

Branches:
Dungeon (2/15)

Altars:

Annotations:
D:2 Sigmund


Message History

The gnoll hits you with a +0 halberd. The gnoll hits you but does no damage.
Your shield and plate armour prevent you from hitting the gnoll.
The gnoll is lightly wounded.
You block the gnoll's attack.
You hit the gnoll.
The gnoll is heavily wounded.
The gnoll hits you with a +0 halberd!
* * * LOW HITPOINT WARNING * * *
You feel very mighty all of a sudden. You block the gnoll's attack.
You puncture the gnoll!
You kill the gnoll!
The gnoll throws a throwing net.
You block the throwing net.
You puncture the gnoll!
You kill the gnoll!
Your Polearms skill increases to level 3!
It was a potion of berserk rage.
A red film seems to cover your vision as you go berserk!
You feel yourself moving faster!
You feel mighty!
You hear some strange, mumbled words.
Something tries to affect you, but you resist.
You are too berserk!
You feel a strong urge to attack something.
Something hits you.
* * * LOW HITPOINT WARNING * * *
Things that are here:
a +0 flail; a +0 halberd; a gnoll corpse You puncture something!
You barely miss something. Something hits you but does no damage.
You puncture something!
You hear some strange, mumbled words.
You are confused.
You bump into the rock wall.
You feel a strong urge to attack something.
You are no longer berserk.
You are exhausted.
You feel yourself slow down. Something hits you but does no damage.
You see here a throwing net.
You bump into the rock wall.
Something hits you.
You die...

#.# #.# #.# ###.# #.# #.#
#.†.### #.#
#.############ #.#..<#
#.# #.#..........##
##.###.#
#.######....####.###.#
#...##.#
#.........#......# #.#
##♣...♣###
########....####.###.#
#.......###########.#.###
##...##
#.<.♣.<.#.......@){.....#
#.....
#†..†...###########.#.#.#
#.#... ##♣.>.♣## #..#..##
#.#... #..[# #.###..#
#.#..# #####
##)#...###.#..#
##){......#..+
###..#####..# ...# #..#
...#


There were no monsters in sight!

Vanquished Creatures
  Jessica (D:2)
  3 gnolls (D:2)
  2 adders (D:2)
  A worm (D:2)
  4 dart slugs
  5 bats
  An endoplasm (D:1)
  2 giant cockroaches (D:2)
  5 goblins
  4 hobgoblins
  4 jackals (D:1)
  3 kobolds
  3 quokkas
  7 ball pythons
  4 frilled lizards
  2 rats
  2 toadstools (D:1)
53 creatures vanquished.

Vanquished Creatures (others)
  12 toadstools (D:1)
12 creatures vanquished.

Grand Total: 65 creatures vanquished

Notes
Turn   | Place    | Note
-------+----------+-------------------------------------------
     0 | D:1      | Radix the Human Fighter began the quest for the Orb.
     0 | D:1      | Reached XP level 1. HP: 18/18 MP: 1/1
   167 | D:1      | Reached XP level 2. HP: 8/24 MP: 2/2
   744 | D:1      | Reached XP level 3. HP: 29/29 MP: 3/3
  1854 | D:2      | Reached XP level 4. HP: 20/35 MP: 4/4
  2013 | D:2      | Noticed Jessica
  2016 | D:2      | Killed Jessica
  2506 | D:2      | Reached XP level 5. HP: 37/41 MP: 5/5
  2588 | D:2      | Noticed Sigmund
  2625 | D:2      | HP: 3/63 [something (4)]
  2631 | D:2      | Slain by Sigmund

Illustrated notes

Levels and vault maps discovered:
D:1:      nagdon_arrival_zigzag_paths, layout_basic, minmay_tall_x
D:2:      layout_loops_ring, chequers_ecumenical_altar_twisty,
          minmay_stone_trees_small, grunt_ministairs_7, roderic_filled_cross,
          ebering_dispersal_statue_hall, uniq_jessica, uniq_sigmund

Skill      XL: |  1  2  3  4  5 |
---------------+----------------+-----
Polearms       | 3 |  3.0
Fighting       | |  3.6
Armour         | |  3.9
Dodging        | |  0.2
Shields        | |  3.8

Action                   |  1- 3 |  4- 6 || total
-------------------------+-------+-------++-------
Melee: Trident           |   122 |    61 ||   183
  Use: Potion            |       |     2 ||     2
Armor: Scale mail        |    41 |       ||    41
       Plate armour      |    22 |    29 ||    51
Dodge: Dodged            |    24 |     8 ||    32
Block: Kite shield       |    77 |    28 ||   105
